 Dungeon Crawl Stone Soup version 0.19.0-2-gae57169 (webtiles) character file.

103 varam the Shield-Bearer (level 4, 0/44 HPs)
             Began as a Troll Fighter on Nov 3, 2016.
             Slain by Sigmund
             ... wielding a +2 scythe of flaming
              (8 damage)
             ... on level 2 of the Dungeon.
             The game lasted 00:02:06 (739 turns).

varam the Shield-Bearer (Troll Fighter)              Turns: 739, Time: 00:02:07

Health: 0/44       AC:  5    Str: 24    XL:     4   Next: 51%
Magic:  3/3        EV:  8    Int:  4    God:
Gold:   58         SH:  9    Dex: 10    Spells: 0 memorised, 3 levels left

rFire  . . .     SeeInvis .       - Unarmed
rCold  . . .     Gourm    +     a - +0 robe
rNeg   . . .     Faith    .     b - +0 shield
rPois  .         Spirit   .     (helmet restricted)
rElec  .         Reflect  .     (no cloak)
rCorr  .         Harm     .     (gloves unavailable)
MR     .....                    (boots unavailable)
Stlth  +.........               (no amulet)
                                (no ring)
                                (no ring)

@: no status effects
A: unfitting armour, claws 3, fast metabolism 3, gourmand, regeneration 1,
shaggy fur 1, tough skin 2
a: no special abilities


You were on level 2 of the Dungeon.
You were very full.

You visited 1 branch of the dungeon, and saw 2 of its levels.

You collected 58 gold pieces.

Inventory:

Armour
 a - a +0 robe (worn)
 b - a +0 shield (worn)
Wands
 q - a wand of paralysis (15/24)
Scrolls
 e - a scroll of blinking {unknown}
 g - a scroll of teleportation {unknown}
 j - a scroll of identify {unknown}
 m - 2 scrolls of recharging {unknown}
 o - a scroll of random uselessness {unknown}
Potions
 c - a potion of might
 h - a potion of curing {unknown}
 i - a potion of heal wounds {unknown}
 k - 3 potions of flight {unknown}
 n - a potion of degeneration {unknown}
 p - a potion of berserk rage {unknown}
Comestibles
 d - 2 bread rations
 f - 11 chunks of flesh
 l - a beef jerky


   Skills:
 - Level 2.4 Fighting
 - Level 2.4 Dodging
 * Level 3.8 Shields
 + Level 3.2 Unarmed Combat


You had 3 spell levels left.
You didn't know any spells.

Dungeon Overview and Level Annotations

Branches:
Dungeon (2/15)

Altars:

Annotations:
D:2 Sigmund


Innate Abilities, Weirdness & Mutations

You are too large for most types of armour.
You have claws for hands.
Your metabolism is lightning-fast.
You like to eat raw meat.
Your natural rate of healing is unusually fast.
You are covered in fur. (AC +1)
You have very tough skin. (AC +2)


Message History

Sigmund gestures at you while chanting. The magic dart hits you!
Your shield prevents you from hitting Sigmund.
Sigmund is heavily wounded.
You barely miss Sigmund.
Sigmund is heavily wounded.
Sigmund hits you with a scythe of flaming.
Sigmund burns you.
You scratch Sigmund.
Sigmund is severely wounded.
Sigmund hits you with a scythe of flaming!
* * * LOW HITPOINT WARNING * * *
Sigmund burns you.
* * * LOW HITPOINT WARNING * * *
You closely miss Sigmund.
Sigmund is severely wounded.
You closely miss Sigmund.
Sigmund is severely wounded.
Sigmund hits you with a scythe of flaming!
You die...

#.#
#.#.
#.#
#.#.
#.#
#.#.
#.#
#...
#.####
####
#)...#
####.#
#.#
#@#
#@#
#?#
#.#
#.#
#.#
#..
###


You could see Sigmund.

Vanquished Creatures
  Terence (D:2)
  4 adders (D:2)
  2 worms (D:2)
  3 dart slugs (D:1)
  A leopard gecko (D:2)
  2 giant cockroaches
  3 goblins (D:2)
  8 hobgoblins
  4 kobolds
  3 bats
  A frilled lizard (D:2)
  2 rats (D:1)
34 creatures vanquished.

Notes
Turn   | Place    | Note
-------+----------+-------------------------------------------
     0 | D:1      | varam the Troll Fighter began the quest for the Orb.
     0 | D:1      | Reached XP level 1. HP: 22/22 MP: 0/0
   135 | D:1      | Reached XP level 2. HP: 29/29 MP: 1/1
   301 | D:1      | Reached skill level 3 in Shields
   345 | D:2      | Noticed Terence
   446 | D:2      | Reached XP level 3. HP: 32/36 MP: 2/2
   475 | D:2      | Killed Terence
   496 | D:2      | Reached skill level 3 in Unarmed Combat
   515 | D:2      | Reached XP level 4. HP: 37/44 MP: 3/3
   713 | D:2      | Noticed Sigmund
   739 | D:2      | Slain by Sigmund

Skill      XL: |  1  2  3 |
---------------+----------+-----
Shields        | 3 |  3.8
Unarmed Combat | 3 |  3.2
Fighting       | |  2.4
Dodging        | |  2.4

Action                   |  1- 3 |  4- 6 || total
-------------------------+-------+-------++-------
Melee: Unarmed           |    57 |    57 ||   114
  Eat: Chunk             |    10 |     2 ||    12
Armor: Robe              |     8 |     9 ||    17
Dodge: Dodged            |    11 |    13 ||    24
Block: Shield            |    21 |    10 ||    31
